 Dungeon Crawl Stone Soup version 0.18.1-5-g4a78601 (webtiles) character file.

32 Charmandara the Slasher (level 3, -1/28 HPs)
             Began as a Vampire Fighter on May 15, 2016.
             Slain by Ijyb
             ... wielding a +3 dagger of speed
              (4 damage)
             ... on level 2 of the Dungeon.
             The game lasted 00:03:55 (1153 turns).

Charmandara the Slasher (Vampire Fighter)           Turns: 1153, Time: 00:03:56

Health: -1/28      AC:  6    Str: 15    XL:     3   Next: 8%
Magic:  3/3        EV:  6    Int: 11    God:
Gold:   110        SH:  8    Dex: 13    Spells: 0 memorised, 2 levels left

rFire  . . .     SeeInvis +     a - +0 long sword
rCold  . . .     Gourm    .     b - +0 scale mail
rNeg   . . .     Faith    .     c - +0 shield
rPois  .         Spirit   .     (no helmet)
rElec  .         Dismiss  .     (no cloak)
rCorr  .         Reflect  .     (no gloves)
SustAt .         Harm     .     (no boots)
MR     .....                    (no amulet)
Stlth  ..........               (no ring)
                                (no ring)

@: regenerating quickly, not resistant to hostile enchantments, extremely
unstealthy
A: fangs 3, see invisible, unbreathing
a: no special abilities


You were on level 2 of the Dungeon.
You were very full.

You visited 1 branch of the dungeon, and saw 2 of its levels.

You collected 110 gold pieces.

Inventory:

Hand Weapons
 a - a +0 long sword (weapon)
Missiles
 h - 12 poisoned needles
Armour
 b - a +0 scale mail (worn)
 c - a +0 shield (worn)
Scrolls
 f - a scroll of identify {unknown}
 i - a scroll of immolation {unknown}
Potions
 d - a potion of might
 e - a potion of blood {@q1}
 g - a potion of haste {unknown}


   Skills:
 - Level 2.6 Fighting
 * Level 3.6 Long Blades
 - Level 2.4 Armour
 - Level 2.6 Shields


You had 2 spell levels left.
You didn't know any spells.

Dungeon Overview and Level Annotations

Branches:
Dungeon (2/15)

Altars:
Nemelex Xobeh

Annotations:
D:2 Ijyb


Innate Abilities, Weirdness & Mutations

Your natural rate of healing is unusually fast.
You have razor-sharp teeth.
You have supernaturally acute eyesight.
You can survive without breathing.


Message History

You hit Ijyb but do no damage. Ijyb barely misses you. You block Ijyb's attack.
You hit Ijyb. Ijyb hits you but does no damage.
You miss Ijyb. Your bite misses Ijyb. You block Ijyb's attack.
Ijyb barely misses you.
Your shield prevents you from hitting Ijyb.
You block Ijyb's attack. x2
You closely miss Ijyb. Your bite misses Ijyb. You block Ijyb's attack.
You barely miss Ijyb. Ijyb hits you but does no damage. x2
You barely miss Ijyb. Ijyb hits you but does no damage.
Ijyb hits you with a dagger of speed.
You take 3 damage, and have 14/28 hp.
Your shield prevents you from hitting Ijyb.
You bite Ijyb. Ijyb hits you with a dagger of speed.
You take 1 damage, and have 13/28 hp.
You closely miss Ijyb. Ijyb hits you with a dagger of speed.
Ijyb hits you but does no damage.
You take 4 damage, and have 9/28 hp.
You barely miss Ijyb. Ijyb hits you with a dagger of speed.
You barely miss Ijyb. You block Ijyb's attack.
Ijyb hits you with a dagger of speed.
* * * LOW HITPOINT WARNING * * *
You take 3 damage, and have 6/28 hp.
Unknown command.
Here: Ijyb, wielding a dagger of speed and wearing a dyed leather armour (severely wounded)
The floor.
Unknown command.
A giant newt comes into view.
The giant newt hisses menacingly.
Drink which item? (? for menu, Esc to quit)
Yummy - fresh blood!
Ijyb barely misses you.
Unknown command.
Ijyb barely misses you.
A bat comes into view.
The bat barely misses you.
You hit the bat. Your bite misses the bat. You block the bat's attack. x2
The bat barely misses you. The bat hits you.
* * * LOW HITPOINT WARNING * * *
Ijyb hits you but does no damage.
Unknown command.
The bat hits you but does no damage. The giant newt barely misses you.
The bat hits you but does no damage. You block Ijyb's attack.
The bat barely misses you. The bat hits you but does no damage.
The bat hits you but does no damage. You block the giant newt's attack.
The giant newt bites you but does no damage.
Your shield prevents you from hitting the giant newt.
Your bite misses the giant newt.
The giant newt bites you but does no damage.
You closely miss the giant newt. Your bite misses the giant newt.
You block the giant newt's attack.
You miss the giant newt. You block the giant newt's attack.
The giant newt bites you but does no damage.
You closely miss the giant newt.
The giant newt bites you but does no damage.
Your shield and scale mail prevent you from hitting the giant newt.
The giant newt barely misses you.
You closely miss the giant newt. You block the giant newt's attack.
The giant newt bites you.
* * * LOW HITPOINT WARNING * * *
You take 2 damage, and have 7/28 hp.
You aren't carrying any items that you can evoke.
Unknown command.
You miss the giant newt. You block the bat's attack. x2
The giant newt bites you but does no damage.
Your shield and scale mail prevent you from hitting the giant newt.
Your bite misses the giant newt. You block the bat's attack.
You block the giant newt's attack.
Ijyb screams, "No!
No, no, no, no!"
You barely miss the giant newt. Your bite misses the giant newt.
The bat hits you.
* * * LOW HITPOINT WARNING * * *
The giant newt bites you.
* * * LOW HITPOINT WARNING * * *
You block the giant newt's attack.
You take 4 damage, and have 4/28 hp.
Unknown command.
You miss the bat. The bat closely misses you. The giant newt bites you.
* * * LOW HITPOINT WARNING * * *
The bat hits you.
* * * LOW HITPOINT WARNING * * *
The bat hits you but does no damage.
You take 1 damage, and have 3/28 hp.
The bat hits you but does no damage. The bat hits you but does no damage.
The bat barely misses you. The bat completely misses you.
The bat barely misses you. The bat hits you but does no damage.
You closely miss the bat. You bite the bat.
You kill the bat!
You closely miss the giant newt.
The giant newt bites you but does no damage.
You miss the giant newt. The giant newt bites you.
* * * LOW HITPOINT WARNING * * *
You take 2 damage, and have 3/28 hp.
Unknown command.
You slash the giant newt!
You kill the giant newt!
Ijyb hits you with a dagger of speed.
You die...

#..#.......# #..........(....
#......###.# ##....##......8.
#.##...# #.#....#....8.8
#.##..)# # #..#.#...8._.
#.###..# #..#.#.(..8.8
#......# #..#.#.....8.
#..##..# #..#.........
#.>##..###########...(........
#..##.........@g...[....#...##
#..###..############†.....>.#
#..###..# #.)÷.....#...###
##..#....########'''########
#........########...#######
#.###..).##...§§#...###§###
#....##.§§§§#.#.##§§§##
#....##.§§§§#...#§§§§.#
#....##§§§§.#...##§§§##


You could see Ijyb.

Vanquished Creatures
  An ooze (D:2)
  A giant cockroach (D:1)
  4 goblins
  5 hobgoblins
  2 quokkas (D:2)
  6 bats
  2 giant newts
  A kobold (D:2)
  3 rats
25 creatures vanquished.

Notes
Turn   | Place    | Note
--------------------------------------------------------------
     0 | D:1      | Charmandara the Vampire Fighter began the quest for the Orb.
     0 | D:1      | Reached XP level 1. HP: 17/17 MP: 1/1
   569 | D:1      | Reached XP level 2. HP: 21/23 MP: 2/2
   700 | D:2      | Reached skill level 3 in Long Blades
   965 | D:2      | Found a sparkling altar of Nemelex Xobeh.
   985 | D:2      | Reached XP level 3. HP: 28/28 MP: 3/3
  1007 | D:2      | Noticed Ijyb
  1008 | D:2      | Found a faded altar to an unknown god.
  1061 | D:2      | HP: 7/28 [Ijyb/dagger of speed (1)]
  1114 | D:2      | HP: 6/28 [Ijyb/dagger of speed (3)]
  1123 | D:2      | HP: 7/28 [bat (1)]
  1136 | D:2      | HP: 7/28 [giant newt (2)]
  1141 | D:2      | HP: 4/28 [giant newt (1)]
  1152 | D:2      | HP: 3/28 [giant newt (2)]
  1153 | D:2      | Slain by Ijyb

Skill      XL: |  1  2 |
---------------+-------+-----
Long Blades    | 3 |  3.6
Fighting       | |  2.6
Armour         | |  2.4
Shields        | |  2.6

Action                   || total
-------------------------++-------
Melee: Long sword        ||   130
       Bite              ||    12
  Use: Potion            ||     8
Armor: Scale mail        ||    80
Dodge: Dodged            ||    30
Block: Shield            ||    77

Vault maps used:
D:1:      tarquinn_simple_flora_water_a
D:2:      nemelex_altar_shiori, ecumenical_altar_2, grunt_decor_resistance,
          uniq_iyjb

Table legend:
 A = Turns spent in this place as a percentage of turns spent in the entire game.
 B = Non-inter-level travel turns spent in this place as a percentage of non-inter-level travel turns spent in the entire game.
 C = Inter-level travel turns spent in this place as a percentage of turns spent in this place.
 D = Turns resting spent in this place as a percentage of non-inter-level travel turns spent in this place.
 E = Turns spent auto-exploring this place as a percentage of non-inter-level travel turns spent in this place.
 F = Non-inter-level travel turns spent in this place divided by the number of levels of this place that you've seen.
                   A       B       C       D       E      F
               +-------+-------+-------+-------+-------+----------------------
         Total | 100.0 | 100.0 |   0.3 |   0.5 |   6.7 | 195.0
       Dungeon | 100.0 | 100.0 |   0.3 |   0.5 |   6.7 | 195.0
               +-------+-------+-------+-------+-------+----------------------

Table legend:
 A = Kills in this place as a percentage of kills in entire the game.
 B = Kills by you in this place as a percentage of kills by you in the entire game.
 C = Kills by friends in this place as a percentage of kills by friends in the entire game.
 D = Other kills in this place as a percentage of other kills in the entire game.
 E = Experience gained in this place as a percentage of experience gained in the entire game.
 F = Experience gained in this place divided by the number of levels of this place that you have seen.
                   A       B       C       D       E      F
               +-------+-------+-------+-------+-------+----------------------
         Total | 100.0 | 100.0 |  -nan |  -nan | 100.0 |  23.0
       Dungeon | 100.0 | 100.0 |  -nan |  -nan | 100.0 |  23.0
               +-------+-------+-------+-------+-------+----------------------
